Map: Kairos Junction LE

Players

Leenock

  • Race: Zerg Zerg
  • Spawn Location: 5:00

Lambo - Winner!

  • Race: Zerg Zerg
  • Spawn Location: 11:00

Event: IEM Season 13: Katowice (2019)

VOD

Have the link to the VOD?

Description

Time

  • Played on: Feb. 28, 2019, 12:12 p.m.
  • Length: 7:32

All games in this series

Show
View Real Time Build Order
Export as new Build Order

Leenock Zerg 

Build Orders: 1 Base Baneling Bust, Pool First, Zergling Baneling 

Get SALT Encoding   

  12  0:18  Spawning Pool  
  11  0:21  Drone  
  12  0:29  Extractor, Drone  
  12  0:34  Drone  
  13  0:43  Overlord  
  13  1:05  Zergling x6  
  16  1:16  Zergling x2  
  16  1:17  Baneling Nest  
  16  1:27  Zergling x2  
  16  1:32  Queen  
  17  1:38  Zergling x2  
  20  1:48  Zergling x2  
  21  1:55  Metabolic Boost  
  21  2:01  Zergling x2  
  22  2:12  Baneling x2  
  22  2:19  Overlord  
  22  2:33  Zergling x2  
  22  2:34  Baneling  
  22  2:38  Zergling x2  
  20  2:45  Zergling x2  
  21  2:56  Zergling x2  
  21  2:57  Zergling x4  
  22  3:01  Zergling x2  
  22  3:02  Baneling x2  
  22  3:03  Baneling  
  23  3:11  Zergling x2  
  24  3:18  Zergling x4  
  26  3:20  Baneling  
  26  3:27  Zergling x2  
  26  3:31  Zergling x2  
  25  3:43  Drone  
  25  3:45  Baneling x2  
  25  3:47  Drone  
  17  4:16  Hatchery  
  15  4:20  Drone  
  15  4:23  Drone  
  17  4:26  Drone  
  18  4:32  Drone  
  19  4:42  Zergling x2  
  20  4:46  Zergling x2  
  20  4:49  Zergling x4  
  20  4:50  Zergling x2  
  24  4:58  Zergling x2  
  25  5:04  Queen  
  25  5:25  Zergling x8  
  25  5:28  Zergling x2  
  30  5:30  Zergling x2  
  31  5:39  Overlord  
  31  5:43  Zergling x2  
  32  5:51  Zergling x4  
  34  6:04  Zergling x4  
  35  6:12  Zergling x4  
  35  6:14  Zergling x6  
  40  6:23  Baneling x7  
  40  6:24  Baneling  
  40  6:26  Baneling  
  40  6:28  Baneling  
  40  6:29  Baneling  
  40  6:35  Zergling x2  
  40  6:36  Zergling x2  
  42  6:52  Zergling x8  
  42  6:53  Zergling x2  
  41  6:59  Zergling x2  
  41  7:01  Zergling x2  
  38  7:12  Zergling x4  
  37  7:15  Drone  
  37  7:18  Baneling x2  
Show
View Real Time Build Order
Export as new Build Order

Lambo Zerg - Winner!

Build Orders: Hatch First 

Get SALT Encoding   

  12  0:00  Drone  
  13  0:13  Overlord  
  13  0:17  Drone  
  14  0:31  Drone x2  
  16  0:49  Hatchery  
  15  0:52  Drone  
  15  0:56  Drone  
  17  1:09  Spawning Pool  
  16  1:13  Extractor  
  16  1:14  Drone  
  16  1:18  Drone  
  17  1:21  Drone  
  18  1:29  Drone  
  19  1:56  Zergling x4  
  19  2:00  Queen  
  23  2:03  Queen, Zergling x4  
  27  2:10  Spine Crawler  
  26  2:19  Spine Crawler  
  26  2:22  Zergling x2  
  27  2:32  Zergling x2  
  27  2:36  Zergling x4  
  20  2:54  Drone x2  
  22  3:07  Drone  
  22  3:09  Drone  
  24  3:14  Spine Crawler  
  23  3:25  Zergling x2  
  23  3:26  Zergling x2  
  26  3:34  Zergling x6  
  23  3:51  Queen  
  24  3:55  Drone  
  24  4:07  Drone x2  
  22  4:13  Drone  
  23  4:20  Drone  
  24  4:26  Drone  
  24  4:29  Drone  
  26  4:37  Overlord  
  26  4:43  Drone  
  27  4:55  Overlord  
  27  4:57  Drone  
  27  4:58  Drone  
  29  5:00  Drone  
  29  5:03  Drone  
  29  5:04  Drone  
  32  5:20  Drone x3  
  32  5:27  Roach Warren  
  30  5:28  Evolution Chamber  
  30  5:31  Drone x2  
  30  5:34  Drone  
  32  5:40  Drone  
  32  5:42  Drone  
  34  5:43  Drone  
  34  5:45  Drone  
  36  5:52  Lair  
  36  5:55  Extractor  
  36  5:56  Drone  
  36  6:00  Drone x2  
  36  6:03  Drone  
  39  6:05  Drone  
  39  6:06  Drone  
  39  6:08  Drone  
  39  6:10  Drone  
  43  6:12  Drone  
  43  6:16  Extractor  
  43  6:22  Overlord  
  43  6:28  Overlord  
  43  6:30  Overlord  
  43  6:38  Overlord  
  43  6:40  Overlord  
  43  6:46  Evolution Chamber  
  44  6:47  Roach x3  
  44  6:49  Roach  
  44  6:51  Roach  
  54  6:54  Roach  
  54  7:02  Roach x3  
  54  7:06  Roach  
  54  7:08  Ravager  

Tags
 
Add a new tag
Caveats
  • Supply blocks, unpowered buildings, or Contaminate may cause inaccurate times.
  • Supply counts are checked every 10 seconds.